 Dungeon Crawl Stone Soup version 0.29.0-5-ge4962eb29e (webtiles) character file.

Game seed: 13255442671524742583

85 xian the Digger (level 4, -1/25 HPs)
             Began as a Kobold Earth Elementalist on Aug 28, 2022.
             Slain by a gnoll
             ... wielding a +0 club
              (5 damage)
             ... on level 2 of the Dungeon.
             The game lasted 00:04:04 (1643 turns).

xian the Digger (Kobold Earth Elementalist)         Turns: 1643, Time: 00:04:05

Health: -1/25      AC:  2    Str:  5    XL:     4   Next: 75%
Magic:  2/8        EV: 15    Int: 18    God:
Gold:   51         SH:  0    Dex: 15    Spells: 3/9 levels left

rFire   . . .      SeeInvis .   n - +2 dagger (vamp)
rCold   . . .      Faith    .   (no shield)
rNeg    . . .      Spirit   .   a - +0 robe
rPois   .          Reflect  .   (no helmet)
rElec   .          Harm     .   (no cloak)
rCorr   .          Rampage  .   (no gloves)
Will    .....                   (no boots)
Stlth   +++.......              (no amulet)
HPRegen 0.08/turn               g - ring of flight
MPRegen 0.11/turn               (no ring)

@: flying
A: small, no large weapons, nightstalker 3
a: no special abilities


You were on level 2 of the Dungeon.
You visited 1 branch of the dungeon, and saw 2 of its levels.

You collected 51 gold pieces.

Inventory:

Hand Weapons
 k - a +0 short sword of venom
 n - a +2 vampiric dagger (weapon)
Armour
 a - a +0 robe (worn)
 d - a +0 kite shield
Jewellery
 g - a ring of flight (left hand)
 j - a ring of resist corrosion
Scrolls
 e - a scroll of enchant armour {unknown}
 f - a scroll of identify {unknown}
 h - a scroll of blinking {unknown}
 m - a scroll of summoning {unknown}
 p - a scroll of torment {unknown}
 r - a scroll of enchant weapon {unknown}
 s - a scroll of immolation {unknown}
 t - a scroll of teleportation {unknown}
Potions
 b - a potion of magic
 c - a potion of berserk rage {unknown}
 i - a potion of invisibility {unknown}
 l - 2 potions of might {unknown}
 o - 2 potions of brilliance {unknown}
 q - a potion of flight {unknown}


   Skills:
 * Level 1.1 Fighting
 * Level 1.1 Short Blades
 * Level 2.8 Dodging
 * Level 3.1 Stealth
 * Level 0.5 Shields
 * Level 3.2 Spellcasting
 - Level 1.0 Transmutations
 + Level 3.6 Earth Magic


You had 3 spell levels left.
You knew the following spells:

 Your Spells              Type           Power      Damage    Failure   Level
a - Sandblast             Erth           30%        2d9       3%          1
b - Passwall              Tmut/Erth      9%         N/A       10%         2
c - Stone Arrow           Conj/Erth      18%        3d8       22%         3

Your spell library contained the following spells:

 Spells                   Type           Power      Damage    Failure   Level
 Petrify                  Tmut/Erth      11%        N/A       52%         4


Dungeon Overview and Level Annotations

Branches:
Dungeon (2/15)

Altars:


Innate Abilities, Weirdness & Mutations

You are small and have problems with some larger weapons.
You are completely attuned to the shadows.


Message History

The gnoll is moderately wounded.
The gnoll hits you with a +0 club.
You barely miss the gnoll.
The gnoll is moderately wounded.
The gnoll hits you with a +0 club.
You barely miss the gnoll.
The gnoll is moderately wounded.
The gnoll misses you.
You closely miss the gnoll.
The gnoll is moderately wounded.
The gnoll closely misses you.
You hit the gnoll.
You feel better.
The gnoll is severely wounded.
The gnoll barely misses you.
Unknown command.
You hit the gnoll but do no damage.
The gnoll is severely wounded.
The gnoll hits you with a +0 club.
Unknown command.
You hit the gnoll but do no damage.
The gnoll is severely wounded.
The gnoll barely misses you.
Unknown command.
You hit the gnoll.
You feel better.
The gnoll is severely wounded.
The gnoll hits you with a +0 club.
Unknown command.
You hit the gnoll.
The gnoll is almost dead.
The gnoll closely misses you.
Unknown command.
You hit the gnoll but do no damage.
The gnoll is almost dead.
The gnoll hits you with a +0 club.
* * * LOW HITPOINT WARNING * * *
Unknown command.
You barely miss the gnoll.
The gnoll is almost dead.
The gnoll hits you with a +0 club.
You die...

###### .....#
####.#################
.................[...#
..##.###############.#
.......@g.... #.# #..##.#######
#.# ......# #.#
################### #####.# ##
..................#.#.(...#
.#######.############.#.#.#####
.......#...... #.#.#.####
.#####.##.#### ###.#.#....#
.#........### #.#.#.####.#


You could see a gnoll.

Vanquished Creatures
  3 adders (D:2)
  2 gnolls (D:2)
  A worm (D:2)
  A dart slug (D:1)
  A ball python (D:1)
  2 bats
  5 endoplasms (D:1)
  2 giant cockroaches (D:1)
  6 jackals (D:1)
  2 quokkas
  2 goblins (D:1)
  3 kobolds (D:1)
  A rat (D:1)
31 creatures vanquished.

Notes
Turn   | Place    | Note
-------+----------+-------------------------------------------
     0 | D:1      | xian the Kobold Earth Elementalist began the quest for the
                  | Orb.
     0 | D:1      | Reached XP level 1. HP: 10/10 MP: 3/3
   335 | D:1      | Reached XP level 2. HP: 15/15 MP: 3/5
   752 | D:1      | Reached XP level 3. HP: 17/20 MP: 1/6
  1211 | D:1      | Learned a level 2 spell: Passwall
  1215 | D:1      | Learned a level 3 spell: Stone Arrow
  1264 | D:2      | Reached skill level 1 in Fighting
  1377 | D:2      | Reached skill level 1 in Short Blades
  1377 | D:2      | Reached XP level 4. HP: 23/25 MP: 4/8
  1643 | D:2      | Slain by a gnoll

Illustrated notes

Levels and vault maps discovered:
D:1:      minmay_arrival_cross, layout_loops_cross
D:2:      layout_basic, chequers_serial_rivers_small_3, minmay_misc_feat_pillars

Skill      XL: |  1  2  3 |
---------------+----------+-----
Fighting       | 1 |  1.1
Short Blades   | 1 |  1.1
Stealth        | 3 |  3.1
Spellcasting   | 3 |  3.2
Dodging        | |  2.8
Shields        | |  0.5
Transmutations | |  1.0
Earth Magic    | |  3.6

Action                   |  1- 3 |  4- 6 || total
-------------------------+-------+-------++-------
Melee: Unarmed           |     2 |       ||     2
       Short sword       |    11 |       ||    11
       Dagger            |     1 |    13 ||    14
 Cast: Sandblast         |    33 |     9 ||    42
 Stab: Sleeping          |     2 |       ||     2
Armor: Robe              |       |     3 ||     3
Dodge: Dodged            |    28 |    10 ||    38
